 Dungeon Crawl Stone Soup version 0.13.0 (webtiles) character file.

150 MDvedh the Ruinous (level 3, -4/26 HPs)
             Began as a Draconian Conjurer on Oct 12, 2013.
             Killed from afar by cedor's ghost (8 damage)
             ... with a magic dart
             ... on Level 3 of the Dungeon.
             The game lasted 00:05:32 (2410 turns).

MDvedh the Ruinous (Draconian Conjurer)             Turns: 2410, Time: 00:05:32

HP  -4/26        AC  5     Str 10      XL: 3   Next: 21%
MP   3/7         EV 10     Int 16      God:
Gold 113         SH  0     Dex 11      Spells:  2 memorised,  4 levels left

Res.Fire  : . . .   See Invis. : .   (no weapon)
Res.Cold  : . . .   Warding    : .   (armour unavailable)
Life Prot.: . . .   Conserve   : .   (no shield)
Res.Poison: .       Res.Corr.  : .   (helmet restricted)
Res.Elec. : .       Clarity    : .   (no cloak)
Sust.Abil.: . .     Spirit.Shd : .   (no gloves)
Res.Mut.  : .       Stasis     : .   (no boots)
Res.Rott. : .       Flight     : .   (no amulet)
Saprovore : . . .                    (no ring)
                                     j - cursed -2 ring of evasion

@: not resistant to hostile enchantments, unstealthy
A: unfitting armour, AC +5
a: no special abilities


You were on level 3 of the Dungeon.
You were not hungry.

You visited 1 branch of the dungeon, and saw 3 of its levels.

You collected 93 gold pieces.

Inventory:

Comestibles
 g - 3 bread rations
Scrolls
 a - 3 scrolls of identify {unknown}
 b - a scroll of blinking {unknown}
 f - a scroll of recharging {unknown}
 h - a scroll of curse armour {unknown}
 k - a scroll of teleportation {unknown}
 l - 2 scrolls of remove curse {unknown}
 m - a scroll of fog {unknown}
 n - a scroll of enchant armour {unknown}
Jewellery
 j - a cursed -2 ring of evasion (left hand)
Potions
 e - a potion of might {unknown}
 i - a potion of magic {unknown}
Books
 c - a book of Conjurations

   Spells                             Type                      Level
   *Magic Dart                        Conjuration                  1
   *Searing Ray                       Conjuration                  2
   Dazzling Spray                     Conjuration/Hexes            3
   Iskenderun's Mystic Blast          Conjuration                  4
   Iskenderun's Battlesphere          Conjuration/Charms           4
   Fulminant Prism                    Conjuration/Hexes            5


   Skills:
 - Level 1.7 Dodging
 - Level 1.7 Stealth
 + Level 2.9 Spellcasting
 - Level 4.0 Conjurations


You had 4 spell levels left.
You knew the following spells:

 Your Spells              Type           Power        Failure   Level  Hunger
a - Magic Dart            Conj           ###.         4%          1    #......
b - Searing Ray           Conj           ###...       8%          2    ##.....


Dungeon Overview and Level Annotations

Branches:
Dungeon (3/27)

Altars:

Annotations:
D:3 cedor's ghost, average MiCj


Message History

You feel sick.
Drink which item? (? for menu, Esc to quit)
You feel better.
It was a potion of curing.
You start resting.
Cedor's ghost (average Minotaur Conjurer) comes into view.
Cedor's ghost is nearby!
Cedor's ghost turns its malevolent gaze towards you.
Unknown command.
Cedor's ghost gestures at you while chanting.
The magic dart hits you!
* * * LOW HITPOINT WARNING * * *
Your magical contamination has completely faded away.
Cedor's ghost wails, "What do you have that I didn't have?"
Unknown command.
Cedor's ghost whispers, "You will understand me better in a moment."
A rat comes into view.
Unknown command.
Cedor's ghost casts a spell at you. The magic dart hits you!
You die...

#.#......### #.#........#
#.#....#...# #.#.##.....#
.< ##.#.##....####...
..................
##.#.###.....#... #.#.#
###...# #.#.# #..@###
####.#.###...#######.
..........r............
.......................
#####.#..p.##...##.....
.................$......$
..#####.#.#####...######
............p......##
..#####.#.#####.....#


You could see cedor's ghost and a rat.

Vanquished Creatures
  An adder (D:3)
  4 ball pythons
  3 bats
  4 giant cockroaches
  5 hobgoblins (D:1)
  A quokka (D:2)
  A giant newt (D:1)
  3 goblins
  A kobold (D:1)
  3 rats
26 creatures vanquished.

Notes
Turn   | Place    | Note
--------------------------------------------------------------
     0 | D:1      | MDvedh, the Draconian Conjurer, began the quest for the Orb.
     0 | D:1      | Reached XP level 1. HP: 14/14 MP: 3/3
   600 | D:1      | Reached XP level 2. HP: 1/20 MP: 0/4
   613 | D:1      | HP: 1/20 [ball python (1)]
   770 | D:1      | Learned a level 2 spell: Searing Ray
  2384 | D:3      | Reached XP level 3. HP: 3/26 MP: 0/7
  2392 | D:3      | Noticed cedor's ghost (average MiCj)
  2410 | D:3      | Killed from afar by cedor's ghost

Action                   || total
-------------------------++-------
Melee: Unarmed           ||    85
 Cast: Magic Dart        ||    52
  Use: Potion            ||     1
